 Dungeon Crawl Stone Soup version 0.30-a0-986-g7f2e898f52 (webtiles) character file.

Game seed: 13795628568223774556

289 Sku the Chiller (level 6, 14/36 HPs)
             Began as a Meteoran Wanderer on Mar 30, 2023.
             Quit the game on level 4 of the Dungeon on Apr 2, 2023.
             The game lasted 00:53:04 (2401 turns).

Sku the Chiller (Meteoran Wanderer)                 Turns: 2401, Time: 00:53:04

Health: 14/36      AC:  4    Str: 14    XL:     6   Next: 89%
Magic:  6/14       EV: 12    Int: 13    God:
Gold:   186        SH:  0    Dex: 16    Spells: 8/15 levels left

rFire   . . .      SeeInvis .    a - +0 dagger
rCold   . . .      Faith    .    (no shield)
rNeg    . . .      Spirit   .    e - +0 leather armour
rPois   .          Reflect  .    (no helmet)
rElec   .          Rampage  .    (no cloak)
rCorr   .                        (no gloves)
Will    .....                    l - +0 pair of boots
Stlth   +                        f - amulet of regeneration
HPRegen 1.06/turn                (no ring)
MPRegen 0.14/turn                (no ring)

@: glowing
A: sense surroundings 1, otherworldly, glowing, explore regen
a: no special abilities


You were on level 4 of the Dungeon.
You visited 1 branch of the dungeon, and saw 4 of its levels.

You collected 186 gold pieces.

Inventory:

Hand Weapons
 a - a +0 dagger (weapon)
Missiles
 b - 13 poisoned darts (quivered)
Armour
 e - a +0 leather armour (worn)
 l - a +0 pair of boots (worn)
Jewellery
 f - an amulet of regeneration (around neck)
 h - an amulet of faith
Scrolls
 d - 2 scrolls of blinking
 k - 2 scrolls of teleportation
 m - a scroll of fog {unknown}
 n - a scroll of vulnerability {unknown}
Potions
 c - a potion of attraction
 g - a potion of resistance
 i - a potion of mutation {unknown}
 j - a potion of heal wounds {unknown}


   Skills:
 + Level 2.1 Fighting
 + Level 1.7 Short Blades
 + Level 1.2 Throwing
 + Level 2.3 Armour
 + Level 2.0 Dodging
 + Level 0.2 Stealth
 + Level 1.2 Unarmed Combat
 + Level 5.0 Spellcasting
 + Level 5.6 Ice Magic


You had 8 spell levels left.
You knew the following spells:

 Your Spells              Type           Power      Damage    Failure   Level
a - Freeze                Ice            72%        1d8       2%          1
b - Ozocubu's Armour      Ice            18%        N/A       7%          3
c - Frozen Ramparts       Ice            36%        1d6       7%          3

Your spell library contained the following spells:

 Spells                   Type           Power      Damage    Failure   Level
 Kiss of Death            Conj/Necr      12%        2d6       22%         1
 Hailstorm                Conj/Ice       10%        3d5       22%         3
 Cigotuvi's Dreadful Rot  Necr/Pois/Air  6%         N/A       34%         2
 Poisonous Vapours        Pois/Air       6%         N/A       34%         2
 Confusing Touch          Hex            3%         N/A       56%         3
 Dazzling Flash           Conj/Hex       6%         N/A       56%         3
 Ignite Poison            Fire/Tmut/Pois 3%         N/A       56%         3
 Kindle Blastsparks       Fire/Tloc/Air  6%         2d10      56%         3
 Mephitic Cloud           Conj/Pois/Air  3%         N/A       56%         3
 Summon Guardian Golem    Hex/Summ       3%         N/A       56%         3
 Ice Form                 Ice/Tmut       10%        N/A       56%         4
 Dispel Undead            Necr           3%         3d7       92%         4
 Freezing Cloud           Conj/Ice/Air   4%         6-21      96%         5
 Agony                    Necr           3%         N/A       99%         5
 Silence                  Hex/Air        1%         N/A       99%         5
 Orb of Destruction       Conj           1%         9d5       100%        7
 Spellforged Servitor     Conj/Summ      1%         N/A       100%        7


Dungeon Overview and Level Annotations

Branches:
Dungeon (4/15) Zot: 199
 Temple: D:4-7

Altars:
Gozag
Xom


Innate Abilities, Weirdness & Mutations

You passively map a small area around you.
You are easily found by Zot.
You glow in the dark.
You regain HP and MP as you explore.


Message History

Aiming: Freeze (safe; 2% risk of failure)
Press: ? - help, Shift-Dir - straight line, f - orc
Aim: an orc, wielding a +0 flail and wearing a +0 chain mail (lightly wounded)
You freeze the orc.
The orc is moderately wounded.
The orc hits you with a +0 flail!
* * * LOW HITPOINT WARNING * * *
Casting: Freeze (safe; 2% risk of failure)
Confirm with . or Enter, or press ? or * to list all spells.
Aiming: Freeze (safe; 2% risk of failure)
Press: ? - help, Shift-Dir - straight line, f/p - orc
Aim: an orc, wielding a +0 flail and wearing a +0 chain mail (moderately wounded)
You freeze the orc.
The orc is almost dead.
The orc hits you with a +0 flail.
* * * LOW HITPOINT WARNING * * *
Casting: Freeze (safe; 2% risk of failure)
Confirm with . or Enter, or press ? or * to list all spells.
Aiming: Freeze (safe; 2% risk of failure)
Press: ? - help, Shift-Dir - straight line, f/p - orc
Aim: an orc, wielding a +0 flail and wearing a +0 chain mail (almost dead)
You freeze the orc!
You kill the orc!
You hit the endoplasm.
The endoplasm is heavily wounded.
The endoplasm hits you but does no damage.
You hit the endoplasm.
The endoplasm is almost dead.
The endoplasm hits you.
* * * LOW HITPOINT WARNING * * *
You hit the endoplasm but do no damage.
The endoplasm is almost dead.
Zot's power touches on you... The endoplasm freezes you.
You are frozen.
You hit the endoplasm.
You kill the endoplasm!
Welcome back, Sku the Meteoran Wanderer.
Press ? for a list of commands and other information.
Are you sure you want to abandon this character and quit the game? (Confirm with "yes".)

##########
#........#
######........####
#@[)).............
######............
#............
#........>...
#.........###
#.......))#
#########.#
....J.# .o.o...


There were no monsters in sight!

Vanquished Creatures
  A howler monkey (D:4)
  Jessica (D:2)
  2 orc wizards
  Terence (D:2)
  4 gnolls (D:3)
  3 adders
  A worm (D:3)
  4 dart slugs
  8 orcs
  6 ball pythons
  7 endoplasms
  A giant cockroach (D:1)
  3 goblins
  4 hobgoblins
  8 kobolds
  2 quokkas (D:1)
  7 bats
  5 frilled lizards
  6 rats
74 creatures vanquished.

Vanquished Creatures (others)
  2 fungi (D:2)
2 creatures vanquished.

Grand Total: 76 creatures vanquished

Notes
Turn   | Place    | Note
-------+----------+-------------------------------------------
     0 | D:1      | Sku the Meteoran Wanderer began the quest for the Orb.
     0 | D:1      | Sku set off with the following items: a +0 dagger, 8
                  | poisoned darts, a potion of attraction, a scroll of
                  | blinking, a +0 leather armour; and the following spell
                  | memorised: Freeze; and the following spells available to
                  | memorise: Ozocubu's Armour, Ice Form.
     0 | D:1      | Reached XP level 1. HP: 16/16 MP: 5/5
    76 | D:1      | Reached XP level 2. HP: 19/23 MP: 4/6
   188 | D:1      | Reached XP level 3. HP: 28/28 MP: 5/8
   218 | D:1      | Learned a level 3 spell: Ozocubu's Armour
   496 | D:1      | Glimpsed the power of Zot.
   747 | D:2      | Noticed Jessica
   761 | D:2      | Killed Jessica
   762 | D:2      | Reached skill level 1 in Armour
   762 | D:2      | Reached skill level 5 in Ice Magic
   762 | D:2      | Reached XP level 4. HP: 22/35 MP: 5/10
   767 | D:2      | Identified the +5 dagger of Perversion {freeze, Fragile
                  | rElec rPois Will+++}
   887 | D:2      | Reached skill level 1 in Short Blades
   984 | D:2      | Reached XP level 5. HP: 40/40 MP: 9/11
  1092 | D:2      | Glimpsed the power of Zot.
  1205 | D:2      | Noticed Terence
  1214 | D:2      | Killed Terence
  1555 | D:3      | Learned a level 3 spell: Frozen Ramparts
  1638 | D:3      | Reached XP level 6. HP: 17/48 MP: 6/13
  1694 | D:3      | Glimpsed the power of Zot.
  1905 | D:3      | Found a shimmering altar of Xom.
  1950 | D:3      | Found an opulent altar of Gozag.
  2298 | D:4      | Glimpsed the power of Zot.
  2348 | D:4      | Glimpsed the power of Zot.
  2380 | D:4      | Reached skill level 5 in Spellcasting
  2389 | D:4      | Glimpsed the power of Zot.
  2399 | D:4      | Touched by the power of Zot.
  2401 | D:4      | Upgraded the game from 0.30-a0-959-g3818848631 to
                  | 0.30-a0-986-g7f2e898f52
  2401 | D:4      | Quit the game

Illustrated notes

Levels and vault maps discovered:
D:1:      sevenhm_arrival_forest_fort_small_4, layout_basic,
          minmay_misc_feat_pillars, st_stairs_3
D:2:      layout_loops_ring, kennysheep_another_room,
          dreamdust_mushroom_princess, uniq_terence, uniq_jessica
D:3:      layout_loops_ring, nicolae_overflow_hidden_temple, nrook_campfire
D:4:      layout_basic

Skill      XL: |  1  2  3  4  5  6 |
---------------+-------------------+-----
Spellcasting   | 3 4 5 |  5.0
Armour         | 1 2 |  2.3
Ice Magic      | 5 |  5.6
Short Blades   | 1 |  1.7
Fighting       | 2 |  2.1
Dodging        | 2 |  2.0
Throwing       | |  1.2
Stealth        | |  0.2
Unarmed Combat | |  1.2

Action                     |  1- 3 |  4- 6 || total
---------------------------+-------+-------++-------
  Melee: Dagger            |    71 |   124 ||   195
         Punch             |     1 |       ||     1
   Cast: Freeze            |    27 |    50 ||    77
         Frozen Ramparts   |       |     6 ||     6
    Use: Scroll            |     2 |     3 ||     5
 Armour: Leather armour    |    40 |    32 ||    72
  Dodge: Dodged            |    49 |    59 ||   108

Table legend: (Time is in decaauts)
 A = Elapsed time spent in this place.
 B = Non-inter-level travel time spent in this place.
 C = Inter-level travel time spent in this place.
 D = Time resting spent in this place.
 E = Time spent auto-exploring this place.
 F = Levels seen in this place.
 G = Mean time per level.
                   A        B        C        D        E       F      G
               +--------+--------+--------+--------+--------+-----+--------+
         Total |   2401 |   2401 |      0 |      0 |      0 |   4 |  600.2 |
       Dungeon |   2401 |   2401 |      0 |      0 |      0 |   4 |  600.2 |
               +--------+--------+--------+--------+--------+-----+--------+

Top non-repeatable levels by time:
     D:3: 839 daAuts
     D:1: 747 daAuts
     D:2: 698 daAuts
     D:4: 116 daAuts
